 Dungeon Sprint DCSS version 0.23.0-3-gf3c87f2 (webtiles) character file.

Game seed: 11552929863381242482

282 nuthulu the Summoner (level 6, -11/49 HPs)
             Began as a Gnoll Summoner on Feb 20, 2019.
             Was a Priest of Yredelemnul.
             Mangled by a brown ugly thing (17 damage)
             ... in the Dungeon (Sprint V: "Ziggurat Sprint").
             The game lasted 00:04:18 (336 turns).

nuthulu the Summoner (Gnoll Summoner)                Turns: 336, Time: 00:04:19

Health: -11/49     AC:  0    Str: 18    XL:     6   Next: 28%
Magic:  12/15      EV: 10    Int: 24    God:    Yredelemnul [***...]
Gold:   0          SH: 28    Dex: 18    Spells: 10/18 levels left

rFire    + . .     SeeInvis .   D - +8 lance "Wyrmbane" {slay drac, rPois rF+ rC+ AC+3}
rCold    + . .     Gourm    .   l - +18 shield of the Gong {rElec rN+ MR+ EV-5}
rNeg     + . .     Faith    .   a - +0 robe
rPois    +         Spirit   .   (no helmet)
rElec    +         Reflect  .   (no cloak)
rCorr    .         Harm     .   F - +1 pair of gloves {Dex+3}
MR       +....     NoTele   +   (no boots)
Stlth    +++.......             (no amulet)
HPRegen  0.16/turn              B - +6 ring of strength
MPRegen  0.14/turn              A - +6 ring of intelligence

@: corroded
A: distributed training, fangs 1, strong nose
a: Recall Undead Slaves, Injury Mirror, Animate Dead, Renounce Religion


You were in the Dungeon.
You worshipped Yredelemnul.
Yredelemnul was most pleased with you.
You were not hungry.

You visited 1 branch

Inventory:

Hand Weapons
 D - the +8 lance "Wyrmbane" (weapon) {slay drac, rPois rF+ rC+ AC+3}
   (You found it in the Dungeon)

   It affects your AC (+3).
   It protects you from fire.
   It protects you from cold.
   It protects you from poison.
Armour
 a - a +0 robe (worn)
 l - the +18 shield of the Gong (worn) {rElec rN+ MR+ EV-5}
   (You found it in the Dungeon)

   It affects your evasion (-5).
   It insulates you from electricity.
   It protects you from negative energy.
   It affects your resistance to hostile enchantments.
 F - a +1 pair of gloves of dexterity (worn)
Jewellery
 x - a +6 ring of dexterity
 y - a +6 ring of dexterity
 z - a +6 ring of intelligence
 A - a +6 ring of intelligence (right hand)
 B - a +6 ring of strength (left hand)
 C - a +6 ring of strength
Wands
 u - a wand of disintegration (7)
 v - a wand of iceblast (7)
 w - a wand of acid (7)
Scrolls
 i - 4 scrolls of blinking
 o - 4 scrolls of amnesia
 p - 7 scrolls of fog
 q - a scroll of holy word
 r - 5 scrolls of identify
 s - 5 scrolls of remove curse
 t - 2 scrolls of fear
Potions
 b - 2 potions of brilliance
 d - 10 potions of curing
 e - 9 potions of heal wounds
 f - 6 potions of haste
 g - 7 potions of magic
 h - 3 potions of berserk rage
 j - 2 potions of invisibility
 k - 4 potions of resistance
 m - 5 potions of agility
 n - 5 potions of might
Comestibles
 c - 7 rations
 E - 3 chunks of flesh


   Skills:
 + Level 4.5 Fighting
 + Level 4.5 Short Blades
 + Level 4.5 Long Blades
 + Level 4.5 Axes
 + Level 4.5 Maces & Flails
 + Level 4.5 Polearms
 + Level 4.5 Staves
 + Level 4.5 Slings
 + Level 4.5 Bows
 + Level 4.5 Crossbows
 + Level 4.5 Throwing
 + Level 4.5 Armour
 + Level 6.5 Dodging
 + Level 6.2 Stealth
 + Level 4.5 Shields
 + Level 4.5 Unarmed Combat
 + Level 6.8 Spellcasting
 + Level 3.7 Conjurations
 + Level 3.7 Hexes
 + Level 3.7 Charms
 + Level 8.1 Summonings
 + Level 3.7 Necromancy
 + Level 3.7 Translocations
 + Level 3.7 Transmutations
 + Level 3.7 Fire Magic
 + Level 3.7 Ice Magic
 + Level 3.7 Air Magic
 + Level 3.7 Earth Magic
 + Level 3.7 Poison Magic
 + Level 5.0 Invocations
 + Level 4.5 Evocations


You had 10 spell levels left.
You knew the following spells:

 Your Spells              Type           Power        Failure   Level  Hunger
a - Summon Small Mammal   Summ           ####         1%          1    None
b - Summon Guardian Gole  Hex/Summ       #####...     7%          3    None
c - Summon Lightning Spi  Summ/Air       #####...     24%         4    ###....

Your spell library contained the following spells:

 Spells                   Type           Power        Failure   Level  Hunger
 Call Imp                 Summ           #####...     1%          2    None
 Call Canine Familiar     Summ           #####...     3%          3    None
 Summon Ice Beast         Ice/Summ       #####...     24%         4    ###....


Dungeon Overview and Level Annotations

Branches:
Dungeon (1/1)

Altars:
Ashenzari
Cheibriados
Dithmenos
Elyvilon
Fedhas
Gozag
Hepliaklqana
Kikubaaqudgha
Makhleb
Nemelex Xobeh
Okawaru
Qazlal
Ru
Sif Muna
Trog
Uskayaw
Vehumet
Wu Jian
Xom
Yredelemnul
Zin
The Shining One
Beogh
Jiyva
Lugonu

Annotations:
D 1 transporter


Innate Abilities, Weirdness & Mutations

Your experience applies equally to all skills.
You have very sharp teeth.
Your uncanny sense of smell can sniff out nearby items.


Message History

The brown ugly thing basks in the mutagenic energy from its kin and changes!
The crocodile bites you!
* * * LOW HITPOINT WARNING * * *
You block the centaur's attack.
GONNNNG!
You puncture the crocodile!
The crocodile is heavily wounded.
You block the centaur's attack.
GONNNNG!
You block the brown ugly thing's attack.
GONNNNG!
You block the crocodile's attack.
BONNNG!
You hit the crocodile.
The crocodile is heavily wounded.
You block the centaur's attack.
PANG!
The brown ugly thing bites you!
You die...
Your body rises from the dead as a mindless zombie.

▓..©..▓..©..▓▓▓▓▓▓▓
▓▓▓▓▓▓▓▓▓▓▓▓▓▓▓▓▓▓▓
▓..8©8...▓..8©8...▓
▓..)[[...▓..==}...▓
▓...|....▓..|.=...▓
▓........▓........▓
▓........▓....y...▓
▓.▓....▓.▓.▓)cuu▓.▓
▓...©....▓...t@...▓
▓▓▓▓▓▓▓▓▓▓▓▓▓▓▓▓▓▓▓
∆∆∆∆ ∆∆∆ ∆∆∆ ∆∆∆


You could see 2 ugly things, a hornet shaped shifter, a crocodile and a centaur
shaped shifter.

Vanquished Creatures
  An ice beast (D)
  A necrophage (D)
  An orc priest (D)
  2 orc wizards (D)
  A white imp (D)
  2 orcs (D)
  A ball python simulacrum (D)
  A giant cockroach zombie (D)
  A leopard gecko zombie (D)
11 creatures vanquished.

Vanquished Creatures (collateral kills)
  An adder zombie (D)
  An orc (D)
2 creatures vanquished.

Vanquished Creatures (others)
  A necrophage skeleton (D)
  An orc skeleton (D)
2 creatures vanquished.

Grand Total: 15 creatures vanquished

Notes
Turn   | Place    | Note
-------+----------+-------------------------------------------
     0 | D        | Found the +6 Majin-Bo {vamp, Archmagi MP+6 Int+6}
     0 | D        | Found the +7 great mace "Firestarter" {inner flame, rF++}
     0 | D        | nuthulu the Gnoll Summoner began the quest for the Orb.
     0 | D        | Reached XP level 1. HP: 13/13 MP: 6/6
     0 | D        | Found a deep blue altar of Sif Muna.
     0 | D        | Found a sacrificial altar of Ru.
     0 | D        | Found a bloodstained altar of Trog.
     0 | D        | Found a stormy altar of Qazlal.
     0 | D        | Found an iron altar of Okawaru.
     0 | D        | Found a sparkling altar of Nemelex Xobeh.
     0 | D        | Found a blossoming altar of Fedhas.
     2 | D        | Found a transporter.
     2 | D        | Found an ancient bone altar of Kikubaaqudgha.
     2 | D        | Found a viscous altar of Jiyva.
     2 | D        | Found a corrupted altar of Lugonu.
     2 | D        | Found a hazy altar of Hepliaklqana.
     2 | D        | Found a burning altar of Makhleb.
     2 | D        | Found an opulent altar of Gozag.
    18 | D        | Reached skill level 5 in Dodging
    18 | D        | Reached skill level 5 in Spellcasting
    18 | D        | Reached skill level 1 in Conjurations
    18 | D        | Reached skill level 1 in Hexes
    18 | D        | Reached skill level 1 in Charms
    18 | D        | Reached skill level 1 in Necromancy
    18 | D        | Reached skill level 1 in Translocations
    18 | D        | Reached skill level 1 in Transmutations
    18 | D        | Reached skill level 1 in Fire Magic
    18 | D        | Reached skill level 1 in Ice Magic
    18 | D        | Reached skill level 1 in Air Magic
    18 | D        | Reached skill level 1 in Earth Magic
    18 | D        | Reached skill level 1 in Poison Magic
    18 | D        | Reached XP level 2. HP: 22/22 MP: 6/8
    20 | D        | Found the +9 heavy crossbow "Sniper" {velocity, Acc+∞ SInv}
    20 | D        | Found the +10 dark maul {crush}
    20 | D        | Found the +15 Maxwell's patent armour {-Cast -Tele rElec
                  | MR+ rCorr}
    20 | D        | Found the +18 shield of the Gong {rElec rN+ MR+ EV-5}
    20 | D        | Found the cursed +14 obsidian axe {chop, +Fly SInv *Curse}
    22 | D        | Found the +6 shillelagh "Devastator" {shatter}
    22 | D        | Found the +11 plutonium sword {*Contam Stlth-}
    22 | D        | Found the +8 lance "Wyrmbane" {slay drac, rPois rF+ rC+
                  | AC+3}
    22 | D        | Found the +9 sword of Zonguldrok {reap}
    22 | D        | Found the cursed +13 scythe of Curses {drain, *Curse}
    22 | D        | Found the +0 sword of Power
    22 | D        | Found the +7 mace of Variability {chain chaos}
    22 | D        | Found the +7 Singing Sword {slice, sonic wave}
    22 | D        | Found the +7 longbow "Piercer" {penet, EV-2}
    76 | D        | Became a worshipper of Yredelemnul the Dark
    89 | D        | Entered arena 2.
    89 | D        | Found a transporter.
    94 | D        | Reached skill level 5 in Stealth
    94 | D        | Reached XP level 3. HP: 28/28 MP: 10/10
   102 | D        | Learned a level 3 spell: Summon Guardian Golem
   111 | D        | Entered arena 3.
   111 | D        | Noticed an ice beast
   111 | D        | Found a transporter.
   127 | D        | Killed an ice beast
   127 | D        | Reached * piety under Yredelemnul
   127 | D        | Reached XP level 4. HP: 26/36 MP: 12/12
   127 | D        | Reached XP level 5. HP: 30/41 MP: 13/13
   208 | D        | Entered arena 4.
   208 | D        | Identified the +4 great sword of the Fray {flame, *Noise
                  | rElec MP+9 Int+3}
   208 | D        | Found a transporter.
   213 | D        | Reached ** piety under Yredelemnul
   286 | D        | Entered arena 5.
   286 | D        | Noticed a necrophage
   286 | D        | Found a transporter.
   290 | D        | Reached *** piety under Yredelemnul
   295 | D        | Killed a necrophage
   295 | D        | Reached skill level 8 in Summonings
   295 | D        | Reached skill level 5 in Invocations
   295 | D        | Reached XP level 6. HP: 49/49 MP: 15/15
   325 | D        | Learned a level 4 spell: Summon Lightning Spire
   325 | D        | Entered arena 6.
   325 | D        | Noticed a rime drake
   325 | D        | Noticed a brown ugly thing
   325 | D        | Noticed a brown ugly thing
   325 | D        | Found a transporter.
   332 | D        | Noticed a hornet
   332 | D        | a rime drake changed into a hornet
   336 | D        | Mangled by a brown ugly thing

Skill      XL: |  1  2  3  4  5 |
---------------+----------------+-----
Fighting       | 2 3 4 |  4.5
Short Blades   | 2 3 4 |  4.5
Long Blades    | 2 3 4 |  4.5
Axes           | 2 3 4 |  4.5
Maces & Flails | 2 3 4 |  4.5
Polearms       | 2 3 4 |  4.5
Staves         | 2 3 4 |  4.5
Slings         | 2 3 4 |  4.5
Bows           | 2 3 4 |  4.5
Crossbows      | 2 3 4 |  4.5
Throwing       | 2 3 4 |  4.5
Armour         | 2 3 4 |  4.5
Dodging        | 5 6 |  6.5
Shields        | 2 3 4 |  4.5
Unarmed Combat | 2 3 4 |  4.5
Spellcasting   | 5 6 |  6.8
Conjurations   | 1 2 3 |  3.7
Hexes          | 1 2 3 |  3.7
Charms         | 1 2 3 |  3.7
Necromancy     | 1 2 3 |  3.7
Translocations | 1 2 3 |  3.7
Transmutations | 1 2 3 |  3.7
Fire Magic     | 1 2 3 |  3.7
Ice Magic      | 1 2 3 |  3.7
Air Magic      | 1 2 3 |  3.7
Earth Magic    | 1 2 3 |  3.7
Poison Magic   | 1 2 3 |  3.7
Invocations    | 2 3 4 5 |  5.0
Evocations     | 2 3 4 |  4.5
Stealth        | 5 6 |  6.2
Summonings     | 8 |  8.1

Action                   |  1- 3 |  4- 6 || total
-------------------------+-------+-------++-------
Melee: Lance             |    18 |    30 ||    48
       Bite              |     1 |     4 ||     5
 Cast: Summon Small Mamm |       |     2 ||     2
       Summon Guardian G |       |     2 ||     2
       Summon Lightning  |       |     1 ||     1
Invok: Animate Remains   |       |     1 ||     1
       Animate Dead      |       |     1 ||     1
  Use: Potion            |     2 |       ||     2
 Stab: Sleeping          |     1 |       ||     1
Armor: Robe              |     1 |     7 ||     8
Dodge: Dodged            |    13 |     4 ||    17
Block: Shield            |    36 |    37 ||    73
